 Dungeon Crawl Stone Soup version 0.19-a0-1097-g38e3b35 (webtiles) character file.

602 Duffy the Conjurer (level 7, -3/54 HPs)
             Began as a Deep Elf Air Elementalist on Aug 8, 2016.
             Was an Initiate of Vehumet.
             Slain by Sigmund
             ... wielding a +2 scythe of venom
              (7 damage)
             ... on level 6 of the Dungeon.
             The game lasted 00:08:36 (5018 turns).

Duffy the Conjurer (Deep Elf Air Elementalist)      Turns: 5018, Time: 00:08:38

Health: -3/54      AC: 23    Str:  5    XL:     7   Next: 18%
Magic:  7/15       EV:  2    Int: 22    God:    Vehumet [......]
Gold:   248        SH:  0    Dex: 15    Spells: 5 memorised, 1 level left

rFire  + . .     SeeInvis .     A - +0 dagger (drain)
rCold  . . .     Gourm    .     (armour currently unavailable)
rNeg   + + +     Faith    .     (no shield)
rPois  +         Spirit   .     (helmet currently unavailable)
rElec  .         Dismiss  .     (cloak currently unavailable)
rCorr  .         Reflect  .     (gloves currently unavailable)
SustAt .         Harm     .     (boots currently unavailable)
MR     .....     NoTele   +     (no amulet)
Stlth  +.........               (no ring)
                                C - ring of protection from fire

@: confused, lethally poisoned (-3 -> -21), tree-form, very slightly
contaminated, hasted, repel missiles, very quick
A: no striking features
a: Renounce Religion


You were on level 6 of the Dungeon.
You worshipped Vehumet.
Vehumet was noncommittal.
You were near starving.
You were a tree.
You visited 2 branches of the dungeon, and saw 7 of its levels.

You collected 248 gold pieces.


   Skills:
 - Level 2.4 Dodging
 - Level 2.4 Stealth
 - Level 4.2 Spellcasting
 + Level 6.0 Conjurations
 + Level 5.8 Air Magic


You had one spell level left.
You knew the following spells:

 Your Spells              Type           Power        Failure   Level  Hunger
a - Shock                 Conj/Air       ####         1%          1    None
j - Static Discharge      Conj/Air       ####....     3%          3    ##.....
l - Lightning Bolt        Conj/Air       ####......   34%         5    ######.
m - Repel Missiles        Chrm/Air       ###...       8%          2    #......
w - Swiftness             Chrm/Air       ###.....     8%          2    #......

Inventory:

Hand Weapons
 q - a +0 dagger
 A - a +0 dagger of draining (weapon)
Armour
 a - a +0 robe (melded)
 j - a +0 buckler
 p - a +0 pair of boots (melded)
 r - the cursed -1 shield of Untold Secrets {rElec Int+3, unknown}

   It affects your intelligence (+3).
   It insulates you from electricity.
   It has a curse placed upon it.
 y - a +0 helmet (melded)
Jewellery
 k - an uncursed ring of ice
 C - a ring of protection from fire (left branch)
Wands
 u - a wand of polymorph (21/24)
 E - a wand of digging (12/24)
Scrolls
 f - a scroll of amnesia {unknown}
 h - a scroll of blinking {unknown}
 i - 2 scrolls of identify {unknown}
 l - 4 scrolls of remove curse
 m - 2 scrolls of magic mapping {unknown}
 n - a scroll of random uselessness {unknown}
 s - 2 scrolls of fear {unknown}
 v - 4 scrolls of recharging
 D - a scroll of enchant weapon {unknown}
Potions
 e - a potion of haste
 w - a potion of agility
Books
 b - a book of Air
 t - a book of Enchantments
 x - a book of the Sky
 z - a book of the Earth
Comestibles
 c - 4 bread rations
 g - a slice of pizza
 o - 2 meat rations

Dungeon Overview and Level Annotations

Branches:
Dungeon (6/15)             Temple (1/1) D:4

Altars:
Ashenzari
Cheibriados
Dithmenos
Elyvilon
Fedhas
Gozag
Hepliaklqana
Kikubaaqudgha
Makhleb
Okawaru
Pakellas
Sif Muna
Trog
Vehumet
Xom
Yredelemnul
Zin
The Shining One

Annotations:
D:6 Sigmund


Message History

Cast which spell? (? or * to list) Sigmund is struck by lightning.
Sigmund is heavily wounded.
The lightning arcs!
You are struck by lightning.
The lightning arcs!
Sigmund is struck by lightning.
Sigmund is severely wounded.
The lightning grounds out.
You feel sick. Sigmund barely misses you.
Cast which spell? (? or * to list) Sigmund is struck by lightning.
Sigmund is severely wounded.
The lightning grounds out.
Sigmund points at you and mumbles some strange words.
You are confused.
You're too confused to cast spells.
A hound comes into view.
You feel sick.
Sigmund casts a spell.
Sigmund flickers and vanishes!
Deactivating autopickup; reactivate with Ctrl-A.
You feel sick.
The hound barks!
Something completely misses you.
You feel sick.
You feel sick. The hound barely misses you. x2
The hound barely misses you. Something hits you!
You are lethally poisoned!
You miss the hound.
You feel sick. The hound completely misses you. The hound barely misses you.
It was a potion of haste.
You feel yourself speed up.
You feel less confused.
You feel sick. The hound bites you.
You hear some strange, mumbled words.
You are confused.
It was a potion of lignification.
You turn into a tree.
Your +0 helmet melds into your body.
Your +0 pair of boots melds into your body.
Your +0 robe melds into your body.
Your roots penetrate the ground.
You feel sick. The hound bites you but does no damage.
You hear some strange, mumbled words.
A puff of flame appears from out of thin air!
Helpless, you fail to dodge the puff of flame.
It was a potion of berserk rage.
You're too hungry to go berserk.
You feel sick. The hound bites you but does no damage.
You're too confused to cast spells.
You cannot move. (Use ctrl+direction to attack without moving.)
You cannot move. (Use ctrl+direction to attack without moving.)
You cannot move. (Use ctrl+direction to attack without moving.)
You cannot move. (Use ctrl+direction to attack without moving.)
You feel sick. The hound bites you but does no damage. Something hits you!
You die...

..........####.#
.##............#
...............##+##
...#.#.##......#...#
.#.#.#.##......#...#
.#.#.#.####..#.#...#
.#<#.#.#####.#.#...#
.###(#.......#.#...####
. .............7h....#
. .##...............# #
#...............#
........#.##.......
#.........# #######
........?>.
#.######.... ##.#.


You could see a hound.

Action                   |  1- 3 |  4- 6 |  7- 9 || total
-------------------------+-------+-------+-------++-------
Melee: Dagger            |       |    38 |     1 ||    39
 Cast: Shock             |    57 |    54 |     4 ||   115
       Repel Missiles    |     1 |     1 |     1 ||     3
       Static Discharge  |       |    38 |     4 ||    42
  Use: Scroll            |       |     2 |       ||     2
       Potion            |       |       |     3 ||     3
  Eat: Chunk             |     1 |     9 |       ||    10
       Royal jelly       |       |     1 |       ||     1
       Beef jerky        |       |     1 |       ||     1
Armor: Robe              |     2 |    13 |     2 ||    17
       Skin              |       |       |     4 ||     4
Dodge: Dodged            |     9 |    50 |     8 ||    67
       Deflected         |       |     1 |     2 ||     3

Notes
Turn   | Place    | Note
-------+----------+-------------------------------------------
     0 | D:1      | Duffy the Deep Elf Air Elementalist began the quest for the Orb.
     0 | D:1      | Reached XP level 1. HP: 10/10 MP: 6/6
   143 | D:1      | Reached skill level 2 in Conjurations
   165 | D:1      | Reached XP level 2. HP: 15/15 MP: 4/8
   272 | D:1      | Learned a level 2 spell: Repel Missiles
   276 | D:1      | Learned a level 2 spell: Swiftness
   551 | D:1      | Reached skill level 3 in Conjurations
   861 | D:2      | Reached XP level 3. HP: 17/19 MP: 7/9
   880 | D:1      | Learned a level 3 spell: Static Discharge
  1175 | D:2      | Found a burning altar of Makhleb.
  1408 | D:2      | You fall through a shaft for 2 floors!
  1415 | D:4      | Noticed a scorpion
  1425 | D:4      | Killed a scorpion
  1425 | D:4      | Reached XP level 4. HP: 24/24 MP: 6/11
  1523 | D:3      | Found a shimmering altar of Xom.
  1835 | D:2      | Found a deep blue altar of Sif Muna.
  1962 | D:2      | Reached skill level 4 in Conjurations
  2027 | D:3      | Reached skill level 4 in Air Magic
  2394 | D:2      | Reached XP level 5. HP: 27/28 MP: 10/12
  3155 | D:4      | Got a slimy shield
  3591 | D:4      | Reached XP level 6. HP: 17/32 MP: 2/13
  3753 | D:4      | Reached skill level 5 in Conjurations
  3848 | D:4      | Found a staircase to the Ecumenical Temple.
  3857 | Temple   | Entered the Ecumenical Temple
  3932 | Temple   | Became a worshipper of Vehumet
  3958 | D:4      | Noticed Natasha
  3961 | D:4      | Killed Natasha
  3961 | D:4      | Reached skill level 5 in Air Magic
  4053 | D:4      | Reached skill level 4 in Spellcasting
  4118 | D:3      | Learned a level 5 spell: Lightning Bolt
  4726 | D:5      | Entered Level 5 of the Dungeon
  4730 | D:5      | Noticed a hungry ghost
  4773 | D:5      | Noticed an ice beast
  4784 | D:5      | Killed an ice beast
  4784 | D:5      | Reached skill level 6 in Conjurations
  4784 | D:5      | Reached XP level 7. HP: 26/36 MP: 4/15
  4997 | D:6      | Noticed Sigmund
  5018 | D:6      | Slain by Sigmund

Skill      XL: |  1  2  3  4  5  6 |
---------------+-------------------+-----
Conjurations   | 2 3 4 6 |  6.0
Air Magic      | 4 5 |  5.8
Spellcasting   | 4 |  4.2
Dodging        | |  2.4
Stealth        | |  2.4

Vault maps used:
D:1:      scummos_arrival_hexagon
D:2:      bloody_makhleb, overflow_temple_1_default
D:3:      lemuel_tele_altar
D:4:      first_bread, uniq_natasha
D:5:      nicolae_ru_path_of_blood, kennysheep_another_room,
          hangedman_abyss_or_decor_lesser_grid, johnstein_pakellas_death_squad
D:6:      gammafunk_temple_overflow_statue, hangedman_decor_clover_reticule,
          uniq_sigmund, uniq_eustachio
Temple:   compressed_dpeg_circular_temple

Vanquished Creatures
  An ice beast
  A giant frog
  2 scorpions
  A howler monkey
  A quasit
  A hound
  2 orc priests
  An orc wizard Natasha
  A hound skeleton
  3 adders
  3 oozes
  2 adder zombies
  3 worms
  A dart slug
  3 giant geckos
  9 orcs
  A ball python
  2 giant cockroaches
  11 goblins
  3 hobgoblins
  4 jackals
  5 kobolds
  6 bats
  8 giant newts
  4 rats
80 creatures vanquished.
